 Dungeon Crawl Stone Soup version 0.26.1-11-gd32895ea62 (webtiles) character file.

Game seed: 17280590366979707745

97 Almogavar the Conjurer (level 5, -2/29 HPs)
             Began as a Kobold Conjurer on July 13, 2021.
             Blown up by Ijyb (31 damage)
             ... with a disintegration bolt
             ... on level 3 of the Dungeon.
             The game lasted 00:06:44 (3570 turns).

Almogavar the Conjurer (Kobold Conjurer)            Turns: 3570, Time: 00:06:45

Health: -2/29      AC:  2    Str:  4    XL:     5   Next: 0%
Magic:  8/8        EV: 15    Int: 27    God:
Gold:   136        SH:  0    Dex: 13    Spells: 5/8 levels left

rFire    . . .     SeeInvis .   c - +0 short sword
rCold    . . .     Faith    .   (shield restricted)
rNeg     . . .     Spirit   .   a - +0 robe
rPois    .         Reflect  .   (no helmet)
rElec    .         Harm     .   (no cloak)
rCorr    +         Rampage  .   (no gloves)
Will     .....                  (no boots)
Stlth    +++.......             n - amulet of magic regeneration
HPRegen  0.09/turn              f - +6 ring of intelligence
MPRegen  0.36/turn              o - ring of resist corrosion

@: no status effects
A: small, nightstalker 3
a: no special abilities


You were on level 3 of the Dungeon.
You visited 1 branch of the dungeon, and saw 3 of its levels.

You collected 136 gold pieces.

Inventory:

Hand Weapons
 c - a +0 short sword (weapon)
Armour
 a - a +0 robe (worn)
 j - a +0 buckler
 t - a +0 leather armour
Jewellery
 f - a +6 ring of intelligence (left hand)
 n - an amulet of magic regeneration (around neck)
 o - a ring of resist corrosion (right hand)
Wands
 p - a wand of disintegration (18)
 u - a wand of acid (6)
Scrolls
 b - 2 scrolls of blinking {unknown}
 d - 2 scrolls of remove curse {unknown}
 h - 2 scrolls of amnesia {unknown}
 i - 2 scrolls of identify {unknown}
 l - a scroll of random uselessness {unknown}
 q - a scroll of immolation {unknown}
 s - a scroll of enchant weapon {unknown}
 v - a scroll of fog {unknown}
Potions
 e - 2 potions of resistance {unknown}
 g - a potion of brilliance {unknown}
 k - 3 potions of curing {unknown}
 m - 3 potions of heal wounds {unknown}
 r - 2 potions of flight {unknown}


   Skills:
 + Level 1.0 Fighting
 + Level 1.2 Short Blades
 + Level 2.7 Dodging
 + Level 4.2 Stealth
 + Level 2.4 Spellcasting
 + Level 4.8 Conjurations


You had 5 spell levels left.
You knew the following spells:

 Your Spells              Type           Power        Failure   Level
a - Magic Dart            Conj           100%         1%          1
b - Searing Ray           Conj           58%          1%          2

Your spell library contained the following spells:

 Spells                   Type           Power        Failure   Level
 Dazzling Flash           Conj/Hex       32%          11%         3
 Fulminant Prism          Conj/Hex       8%           34%         4
 Iskenderun's Mystic Bla  Conj/Tloc      16%          34%         4


Dungeon Overview and Level Annotations

Branches:
Dungeon (3/15)

Altars:
Dithmenos

Annotations:
D:3 Ijyb


Innate Abilities, Weirdness & Mutations

You are small and have problems with some larger weapons.
You are completely attuned to the shadows.


Message History

You barely miss the kobold. The kobold misses you.
Casting: Magic Dart (safe; 1% risk of failure)
Confirm with . or Enter, or press ? or * to list all spells.
Aiming: Searing Ray (safe; 1% risk of failure)
Press: ? - help, Shift-Dir - straight line, f - kobold
Aim: a kobold, wielding a +0 short sword (26% to evade)
The searing ray hits the kobold!
You kill the kobold! (Press . to maintain the ray.)
You have reached level 5!
You feel clever.
You see here a +0 short sword.
You see here a +0 short sword.
Ijyb the Twisted Goblin comes into view.
She is wielding a +0 dagger and carrying a wand of disintegration (5).
The helpless Ijyb fails to defend herself.
You hit Ijyb.
Ijyb is lightly wounded.
Ijyb barely misses you.
Ijyb zaps a wand.
You are blasted!
Ouch! That really hurt!
You die...

#.##### #.# # # #.#
# #. #.# # #.##.##
#######.# #
#.#...###..)....# #
...#.....###########
#...####.........(.
##@#####.##########
#g......# #########


You could see Ijyb.

Vanquished Creatures
  4 adders
  A dart slug (D:1)
  3 leopard geckos
  3 giant cockroaches
  7 goblins
  6 hobgoblins
  6 jackals
  6 kobolds
  2 quokkas (D:3)
  8 bats
  2 frilled lizards (D:3)
  2 rats
50 creatures vanquished.

Notes
Turn   | Place    | Note
-------+----------+-------------------------------------------
     0 | D:1      | Almogavar the Kobold Conjurer began the quest for the Orb.
     0 | D:1      | Reached XP level 1. HP: 10/10 MP: 3/3
   572 | D:1      | Reached XP level 2. HP: 15/15 MP: 0/5
   575 | D:1      | Learned a level 2 spell: Searing Ray
  1329 | D:1      | Reached XP level 3. HP: 19/19 MP: 6/6
  1718 | D:2      | Found a shadowy altar of Dithmenos.
  2388 | D:2      | Reached skill level 1 in Fighting
  2438 | D:2      | Reached XP level 4. HP: 25/25 MP: 4/7
  3209 | D:3      | Reached skill level 1 in Short Blades
  3538 | D:3      | Reached XP level 5. HP: 29/29 MP: 5/8
  3567 | D:3      | Noticed Ijyb
  3570 | D:3      | Blown up by Ijyb

Illustrated notes

Levels and vault maps discovered:
D:1:      erik_arrival_cave_to_civilisation [erik_arrival_cave_to_hall],
          layout_basic
D:2:      layout_loops_corners, grunt_dithmenos_smoke_and_mirrors,
          dk_noncrumbling_3
D:3:      layout_loops_ring, uniq_ijyb

Skill      XL: |  1  2  3  4 |
---------------+-------------+-----
Stealth        | 3 4 |  4.2
Fighting       | 1 |  1.0
Short Blades   | 1 |  1.2
Dodging        | |  2.7
Spellcasting   | |  2.4
Conjurations   | |  4.8

Action                   |  1- 3 |  4- 6 || total
-------------------------+-------+-------++-------
Melee: Short sword       |    26 |    16 ||    42
 Cast: Magic Dart        |    15 |     6 ||    21
       Searing Ray       |     8 |    12 ||    20
 Stab: Sleeping          |     5 |    10 ||    15
Armor: Robe              |     3 |     1 ||     4
Dodge: Dodged            |    28 |    10 ||    38
